 Dungeon Crawl Stone Soup version 0.25.1-2-g60ff931df9 (webtiles) character file.

Game seed: 9309694351167395288

158 Almogavar the Gusty (level 5, -4/40 HPs)
             Began as a Draconian Air Elementalist on Sept 5, 2020.
             Slain by a worm (5 damage)
             ... while paralysed by Grinder
             ... on level 3 of the Dungeon.
             The game lasted 00:16:34 (4118 turns).

Almogavar the Gusty (Draconian Air Elementalist)    Turns: 4118, Time: 00:16:36

Health: -4/40      AC:  6    Str: 10    XL:     5   Next: 16%
Magic:  4/9        EV:  2    Int: 16    God:
Gold:   106        SH:  0    Dex: 12    Spells: 8/9 levels left

rFire    + . .     SeeInvis .   g - +1 short sword
rCold    + . .     Gourm    .   (no shield)
rNeg     . . .     Faith    .   (armour unavailable)
rPois    .         Spirit   .   (helmet restricted)
rElec    .         Reflect  .   i - scarf {rC+ rF+}
rCorr    .         Harm     .   (no gloves)
MR       .....                  k - +0 pair of boots
Stlth    +.........             (no amulet)
HPRegen  0.13/turn              a - ring of attention (curse)
MPRegen  0.11/turn              (no ring)

@: paralysed
A: unfitting armour, cold-blooded, AC +5
a: no special abilities


You were on level 3 of the Dungeon.
You were hungry.

You visited 1 branch of the dungeon, and saw 3 of its levels.

You collected 106 gold pieces.

Inventory:

Hand Weapons
 g - a +1 short sword (weapon)
Armour
 e - a +0 cloak
 i - a scarf of resistance (worn)
 k - a +0 pair of boots (worn)
Jewellery
 a - a cursed ring of attention (left hand)
Scrolls
 c - a scroll of enchant weapon
 f - a scroll of magic mapping
Potions
 d - a potion of stabbing
 h - a potion of magic {unknown}
 l - a potion of curing {unknown}
Comestibles
 b - 3 rations
 j - 3 chunks of flesh


   Skills:
 + Level 1.0 Fighting
 + Level 0.8 Short Blades
 + Level 2.5 Dodging
 + Level 2.4 Stealth
 + Level 2.8 Spellcasting
 + Level 2.0 Conjurations
 + Level 3.9 Air Magic


You had 8 spell levels left.
You knew the following spells:

 Your Spells              Type           Power        Failure   Level  Hunger
a - Shock                 Conj/Air       ##..         5%          1    #......

Your spell library contained the following spells:

 Spells                   Type           Power        Failure   Level  Hunger
 Swiftness                Chrm/Air       #.......     13%         2    ##.....
 Static Discharge         Conj/Air       ##......     17%         3    ###....
 Airstrike                Air            ##........   36%         4    #####..
 Lightning Bolt           Conj/Air       ##........   83%         5    ######.


Dungeon Overview and Level Annotations

Branches:
Dungeon (3/15)

Altars:
Elyvilon

Annotations:
D:3 Grinder


Innate Abilities, Weirdness & Mutations

Your plain brown scales are hard. (AC +5)
You cannot fit into any form of body armour.
You are cold-blooded and may be slowed by cold attacks.


Message History

Casting: Shock (safe; 5% risk of failure)
Confirm with . or Enter, or press ? or * to list all spells.
Aiming: Shock (safe; 5% risk of failure)
Press: ? - help, Shift-Dir - straight line, f/p - Grinder
Aim: Grinder (lightly wounded)
The zap hits Grinder.
Grinder is lightly wounded.
Grinder hits you!
You writhe in agony.
* * * LOW HITPOINT WARNING * * *
You are feeling hungry.
Grinder gestures at you.
You suddenly lose the ability to move!
The worm bites you but does no damage. Grinder barely misses you.
Grinder says, "DUCK!"
Grinder hits you.
* * * LOW HITPOINT WARNING * * *
You writhe in agony.
* * * LOW HITPOINT WARNING * * *
The worm bites you.
You die...

#.#.###.#.#..........#
#.###.#.......#........#.#
#........##.####.#......?.
#####.##.##.# #.#.!.#.#.#
#.......# #.#...#.#.#
####.#### #..w....#.. #.#
###...##### #.### #...#
#.@w#######...#####
##.5.....†.........
#.................
#.................
#.########.?.##### #.#
#...# #.# #.%.# ..# #..$#
#.# ....#


You could see Grinder and a worm.

Vanquished Creatures
  A worker ant (D:3)
  6 adders
  An ooze (D:1)
  5 worms
  2 dart slugs (D:1)
  A leopard gecko (D:1)
  2 giant cockroaches
  6 goblins
  10 hobgoblins
  8 kobolds
  8 bats
  3 frilled lizards
  6 rats
59 creatures vanquished.

Notes
Turn   | Place    | Note
-------+----------+-------------------------------------------
     0 | D:1      | Almogavar the Draconian Air Elementalist began the quest
                  | for the Orb.
     0 | D:1      | Reached XP level 1. HP: 14/14 MP: 3/3
   206 | D:1      | Reached XP level 2. HP: 14/20 MP: 0/5
  1059 | D:1      | Reached XP level 3. HP: 26/26 MP: 1/6
  1719 | D:2      | Found a white marble altar of Elyvilon.
  2078 | D:2      | Reached XP level 4. HP: 33/33 MP: 0/7
  3610 | D:3      | Reached XP level 5. HP: 22/39 MP: 9/9
  3875 | D:3      | Reached skill level 1 in Fighting
  3955 | D:3      | Noticed Grinder
  4116 | D:3      | Paralysed by Grinder for 7 turns
  4118 | D:3      | HP: 2/40 [Grinder (6)]
  4118 | D:3      | Slain by a worm

Illustrated notes

Levels and vault maps discovered:
D:1:      matt_arrival_spirals, layout_basic, minmay_pentomino_o4
D:2:      layout_loops_cross, elyvilon_altar_5, first_ration, kennysheep_potato
D:3:      layout_loops_cross, nicolae_overflow_hidden_temple, uniq_grinder

Skill      XL: |  1  2  3  4  5 |
---------------+----------------+-----
Dodging        | 2 |  2.5
Stealth        | 2 |  2.4
Fighting       | 1 |  1.0
Conjurations   | 2 |  2.0
Short Blades   | |  0.8
Spellcasting   | |  2.8
Air Magic      | |  3.9

Action                   |  1- 3 |  4- 6 || total
-------------------------+-------+-------++-------
Melee: Unarmed           |    30 |       ||    30
       Tailslap          |     6 |     8 ||    14
       Dagger            |    21 |       ||    21
       Short sword       |    20 |   103 ||   123
 Cast: Shock             |    73 |    37 ||   110
  Use: Scroll            |     3 |     2 ||     5
  Eat: Chunk             |     5 |     6 ||    11
Armor: Skin              |    18 |    30 ||    48
Dodge: Dodged            |    52 |    85 ||   137
